 Dungeon Sprint DCSS version 0.17-a0-1582-ge6b0260 (webtiles) character file.

1839 Jb9000 the Fighter (level 9, -4/63 HPs)
             Began as a Gargoyle Fighter on July 27, 2015.
             Slain by Kirke (10 damage)
             ... in the Dungeon (Sprint II: "The Violet Keep of Menkaure").
             The game lasted 00:11:15 (1167 turns).

Jb9000 the Fighter (Gargoyle Fighter)               Turns: 1167, Time: 00:11:15

Health: -4/63      AC: 13    Str: 25    XL:     9   Next: 11%
Magic:  9/9        EV: 11    Int: 10    God:
Gold:   261        SH: 12    Dex: 11    Spells: 0 memorised, 8 levels left

rFire  . . .     SeeInvis .     m - +4 broad axe of Turmoil {drain, rC++ Stlth+}
rCold  + + .     Clarity  .     j - +0 ring mail of Roschuas {+Inv MR+}
rNeg   + . .     SustAt   .     c - +0 shield
rPois  ∞         Gourm    .     (no helmet)
rElec  +         Spirit   .     (no cloak)
rCorr  .         Warding  .     (no gloves)
rMut   .         NoTele   +     (no boots)
MR     +....                    (no amulet)
Stlth  ++++......               (no ring)
                                (no ring)

@: mighty, very slightly contaminated, hasted, very quick, somewhat resistant to
hostile enchantments, stealthy
A: negative energy resistance 1, electricity resistance, unbreathing,
petrification resistance, rot immunity, AC +5
a: Evoke Invisibility


You were in the Dungeon.
You were not hungry.

You visited 1 branch You collected 972 gold pieces.
You spent 711 gold pieces at shops.

Inventory:

Hand weapons
 a - a +0 flail
 m - the +4 broad axe of Turmoil (weapon) {drain, rC++ Stlth+}
   (You bought it in a shop in the Dungeon)

   A truly terrible weapon, it drains the life of those it strikes.
   It greatly protects you from cold.
   It makes you more stealthy.
Armour
 b - a +0 scale mail
 c - a +0 shield (worn)
 j - the +0 ring mail of Roschuas (worn) {+Inv MR+}
   (You bought it in a shop in the Dungeon)

   It affects your resistance to hostile enchantments.
   It lets you turn invisible.
Scrolls
 k - a scroll of blinking
Potions
 h - 2 potions of haste
 i - 2 potions of magic
Comestibles
 n - a meat ration


   Skills:
 + Level 10.6 Fighting
 * Level 6.2(7.1) Axes
 - Level 5.3(7.0) Maces & Flails
 + Level 10.6 Armour
 + Level 4.2 Dodging
 * Level 8.3 Stealth
 + Level 10.2 Shields


You had 8 spell levels left.
You didn't know any spells.

Dungeon Overview and Level Annotations

Branches:
Dungeon (1/1)

Altars:

Shops:
D !=:!?:=[%*=[%}((

Annotations:
D exclusion: oklob plant, Kirke


Innate Abilities, Weirdness & Mutations

You are resistant to torment.
Your stone body is resilient (AC +5).
You are immune to poison.
You resist negative energy.
You are resistant to electric shocks.
You can survive without breathing.
You are immune to petrification.
You are immune to rotting.


Message History

You feel agile.
You hear some strange, mumbled words.
Something summons some harpies!
Drink which item? (? for menu, Esc to quit)
You feel very mighty all of a sudden. You block the harpy's attack.
The harpy claws you.
* * * LOW HITPOINT WARNING * * *
You slash the harpy!
The harpy is moderately wounded.
You block the harpy's attack. x2
There is a staircase leading out of the dungeon here.
You hit the harpy. You drain the harpy!
The harpy is heavily wounded.
The harpy misses you. The harpy claws you but does no damage.
You slice the harpy!!
You kill the harpy!
The harpy's corpse disappears in a puff of smoke!
Something tries to affect you, but you resist.
You closely miss something. Something hits you!
You die...

#########c≈#+++#+++##
########≈≈≈.........#
.......#≈≈≈wX##'##..#
∩.....∩#≈≈≈w##§#.##.####
.∩...∩.#≈≈≈≈#..#..#....#
∩.∩.∩.∩#≈≈####.#.####..##
.∩.∩.∩.#≈##.###H###.##..#
..∩.∩..#≈#...##{###..#..#
...⌠...'≈'##.'.<@'.##+..#
.......#≈#...##.###..#....#
▓▓▓▓▓###≈##.###'###.##...§.§≈
El######≈≈####.#.####≈≈..§§.≈


$l#aa ##≈≈≈#.###.# ≈≈≈≈§.§≈ P!+.$# #'#≈##.#.## ≈≈≈≈≈≈X≈ $.#a##≈##[#≈≈##+##≈≈
§§≈≈≈≈≈ .)###≈§;####≈≈≈≈≈≈≈≈ §≈≈≈≈≈≈ +###≈§≈; #+++#+++# You could see a harpy.

Vanquished Creatures
  A yaktaur captain (D)
  2 boulder beetles (D)
  2 hippogriffs (D)
  4 necrophages (D)
  4 worker ants (D)
  A hell rat (D)
14 creatures vanquished.

Vanquished Creatures (others)
  24 tentacles (D)
  118 tentacle segments (D)
142 creatures vanquished.

Grand Total: 156 creatures vanquished

Notes
Turn   | Place    | Note
--------------------------------------------------------------
     0 | D        | Jb9000 the Gargoyle Fighter began the quest for the Orb.
     0 | D        | Reached XP level 1. HP: 14/14 MP: 1/1
     1 | D        | Noticed a hippogriff
     1 | D        | Noticed a hippogriff
     5 | D        | Noticed a necrophage
     5 | D        | Noticed a necrophage
     5 | D        | Noticed a necrophage
     5 | D        | Noticed a necrophage
    11 | D        | Killed a necrophage
    11 | D        | Reached skill level 5 in Fighting
    11 | D        | Reached skill level 6 in Armour
    11 | D        | Reached XP level 2. HP: 22/22 MP: 2/2
    11 | D        | Reached XP level 3. HP: 27/27 MP: 3/3
    11 | D        | Reached XP level 4. HP: 32/32 MP: 4/4
    19 | D        | Killed a necrophage
    19 | D        | Reached skill level 7 in Fighting
    19 | D        | Reached XP level 5. HP: 31/38 MP: 5/5
    23 | D        | Killed a necrophage
    23 | D        | Reached skill level 8 in Fighting
    23 | D        | Reached skill level 1 in Dodging
    23 | D        | Reached XP level 6. HP: 32/45 MP: 6/6
    25 | D        | Killed a necrophage
   167 | D        | Found Moesk's Antique Armour Shop.
   167 | D        | Found Paofere's Food Boutique.
   167 | D        | Found Coas's Gadget Shop.
   167 | D        | Found Annirgh's Assorted Antiques.
   167 | D        | Found Pefebryu's Antique Weapon Shop.
   167 | D        | Found Fegian's Jewellery Boutique.
   167 | D        | Found Gaameumi's Antique Armour Shop.
   167 | D        | Found Seawn's Food Boutique.
   167 | D        | Found Qiuf's Antique Weapon Boutique.
   168 | D        | Found Nide's Jewellery Shop.
   168 | D        | Found Kampezia's Book Boutique.
   168 | D        | Noticed an iron elemental
   170 | D        | Found Luimuixt's Magic Scroll Boutique.
   170 | D        | Found Gufoer's Distillery.
   170 | D        | Noticed a kraken
   170 | D        | Noticed an oklob plant
   171 | D        | Found Efecreur's Jewellery Shop.
   171 | D        | Found Dotusir's Book Shoppe.
   171 | D        | Found Zeilatov's Distillery.
   172 | D        | Noticed a wyvern
   173 | D        | Noticed a wyvern
   306 | D        | Noticed a soldier ant
   315 | D        | Noticed a soldier ant
   319 | D        | Bought a jewelled ring mail for 171 gold pieces
   331 | D        | Identified the +0 ring mail of Roschuas {+Inv MR+} (You bought it in a shop in the Dungeon)
   335 | D        | Bought a potion of heal wounds for 50 gold pieces
   352 | D        | Noticed a worker ant
   352 | D        | Noticed a worker ant
   362 | D        | Killed a worker ant
   362 | D        | Reached skill level 9 in Fighting
   369 | D        | Killed a worker ant
   369 | D        | Reached skill level 5 in Maces & Flails
   371 | D        | Noticed a worker ant
   371 | D        | Noticed a worker ant
   379 | D        | Killed a worker ant
   382 | D        | Killed a worker ant
   382 | D        | Reached XP level 7. HP: 43/51 MP: 7/7
   419 | D        | Bought a faintly glowing broad axe for 180 gold pieces
   420 | D        | Identified the +4 broad axe of Turmoil {drain, rC++ Stlth+} (You bought it in a shop in the Dungeon)
   440 | D        | Bought a meat ration for 70 gold pieces
   462 | D        | Killed a hippogriff
   476 | D        | Killed a hippogriff
   705 | D        | Bought a potion of haste for 100 gold pieces
   706 | D        | Bought a potion of haste for 140 gold pieces
   719 | D        | Noticed a hell rat
   722 | D        | Killed a hell rat
   731 | D        | Noticed a lava snake
   731 | D        | Noticed a lava snake
   731 | D        | Noticed a lava snake
   731 | D        | Noticed a lava snake
   747 | D        | Noticed a boulder beetle
   747 | D        | Noticed a boulder beetle
   762 | D        | Killed a boulder beetle
   762 | D        | Reached skill level 10 in Fighting
   762 | D        | Reached skill level 5 in Stealth
   762 | D        | Reached XP level 8. HP: 36/57 MP: 8/8
   896 | D        | Killed a boulder beetle
   896 | D        | Reached skill level 10 in Armour
   946 | D        | Noticed an orange crystal statue
   955 | D        | Noticed a kraken
  1104 | D        | Noticed an electric eel
  1105 | D        | Noticed a soldier ant
  1105 | D        | Noticed an electric eel
  1130 | D        | Noticed Kirke
  1130 | D        | Noticed a kobold demonologist
  1130 | D        | Noticed a yaktaur captain
  1159 | D        | Killed a yaktaur captain
  1159 | D        | Reached skill level 10 in Shields
  1159 | D        | Reached XP level 9. HP: 6/63 MP: 9/9
  1160 | D        | Noticed a harpy
  1160 | D        | Noticed a harpy
  1164 | D        | Killed a harpy
  1167 | D        | Slain by Kirke

Vault maps used:
D:        the_violet_keep_of_menkaure

Action                   |  1- 3 |  4- 6 |  7- 9 || total
-------------------------+-------+-------+-------++-------
Melee: Flail             |     4 |    40 |       ||    44
       Broad axe         |       |       |    69 ||    69
  Use: Potion            |     1 |       |     5 ||     6
 Stab: Sleeping          |       |       |     2 ||     2
       Distracted        |       |       |     1 ||     1
  Eat: Bread ration      |       |       |     1 ||     1
       Chunk             |       |       |     1 ||     1
